 Dungeon Crawl Stone Soup version 0.27.1-2-g3b301248ec (webtiles) character file.

Game seed: 14799822748565713697

275 Borgoz the Skirmisher (level 6, -1/58 HPs)
             Began as a Gargoyle Berserker on Sept 23, 2021.
             Was a Priest of Trog.
             Slain by an orc (6 damage)
             ... on level 4 of the Dungeon.
             The game lasted 00:02:35 (3052 turns).

Borgoz the Skirmisher (Gargoyle Berserker)          Turns: 3052, Time: 00:02:35

Health: -1/58      AC: 14    Str: 21    XL:     6   Next: 24%
Magic:  6/6        EV: 10    Int:  7    God:    Trog [***...]
Gold:   127        SH:  0    Dex: 11    Spells: 5/5 levels left

rFire    + . .     SeeInvis .   h - +0 flail
rCold    . . .     Faith    .   (no shield)
rNeg     + . .     Spirit   .   n - +2 scale mail {rF+}
rPois    ∞         Reflect  .   (no helmet)
rElec    +         Harm     .   d - +0 cloak
rCorr    .         Rampage  .   (no gloves)
Will     .....                  (no boots)
Stlth    ..........             (no amulet)
HPRegen  0.19/turn              (no ring)
MPRegen  0.10/turn              (no ring)

@: berserking, very quick
A: sickness immunity, AC +4, negative energy resistance 1, electricity
resistance, torment resistance 1, petrification resistance
a: Renounce Religion, Berserk, Trog's Hand


You were on level 4 of the Dungeon.
You worshipped Trog.
Trog was most pleased with you.
You visited 1 branch of the dungeon, and saw 4 of its levels.

You collected 127 gold pieces.

Inventory:

Hand Weapons
 h - a +0 flail (weapon)
Armour
 d - a +0 cloak (worn)
 n - a +2 scale mail of fire resistance (worn)
Wands
 k - a wand of iceblast (5)
Scrolls
 c - 3 scrolls of identify {unknown}
 e - a scroll of fear {unknown}
 g - a scroll of immolation {unknown}
 i - a scroll of enchant weapon {unknown}
 j - a scroll of blinking {unknown}
 l - a scroll of amnesia {unknown}
 m - 2 scrolls of teleportation {unknown}
Potions
 a - a potion of might {unknown}
 f - a potion of brilliance {unknown}


   Skills:
 + Level 4.6 Fighting
 + Level 4.2 Maces & Flails
 + Level 3.9 Armour
 + Level 2.9 Dodging


You had 5 spell levels left.
You didn't know any spells.
Your spell library was empty.

Dungeon Overview and Level Annotations

Branches:
Dungeon (4/15)
 Temple: D:4-7

Altars:
The Shining One


Innate Abilities, Weirdness & Mutations

You are immune to sickness and miasma.
Your stone body is resilient. (AC +4)
You are immune to poison.
You resist negative energy. (rN+)
You are resistant to electric shocks. (rElec)
You are resistant to unholy torment.
You are immune to petrification.


Message History

Trog appreciates your killing of a magic user.
The orc hits you but does no damage.
You closely miss the orc. The orc hits you with a +0 rapier.
The orc closely misses you.
You are too injured to fight recklessly!
You are too injured to fight recklessly!
You barely miss the orc. The orc closely misses you.
The orc hits you but does no damage. The orc completely misses you.
You barely miss the orc. The orc closely misses you.
The orc hits you but does no damage.
You closely miss the orc. The orc completely misses you.
The orc hits you but does no damage. The orc hits you with a +0 rapier.
You barely miss the orc. The orc barely misses you.
The orc hits you but does no damage. The orc closely misses you.
The orc hits you but does no damage. The orc barely misses you.
You closely miss the orc. The orc hits you with a +0 rapier.
The orc hits you but does no damage. The orc hits you with a +0 flail.
* * * LOW HITPOINT WARNING * * *
A red film seems to cover your vision as you go berserk!
You feel yourself moving faster!
You feel mighty! The orc closely misses you. The orc hits you with a +0 club.
* * * LOW HITPOINT WARNING * * *
The orc closely misses you.
You barely miss the orc. The orc closely misses you.
The orc hits you with a +0 club.
* * * LOW HITPOINT WARNING * * *
The orc closely misses you.
You barely miss the orc. The orc barely misses you.
The orc hits you with a +0 club.
* * * LOW HITPOINT WARNING * * *
The orc closely misses you.
You barely miss the orc. The orc hits you but does no damage.
You barely miss the orc. The orc barely misses you.
The orc hits you with a +0 club.
* * * LOW HITPOINT WARNING * * *
You closely miss the orc. The orc hits you but does no damage.
The orc barely misses you. The orc misses you.
You barely miss the orc. The orc hits you but does no damage.
The orc closely misses you. The orc hits you with a +0 flail.
You die...

#. .. .... .#####.
###. .# .......
....#.#
.#..............# #
........... ..#..#.#
...#.....#.###o.....#
.........>.@o#....#
#..#.#....o#o#...####
.........<..........
####.#......##..######
................... +#
#...#....#)....#### .#
#...#....#####.# .#
#...#....# .# .#
#...#....# .#


You could see 3 orcs.

Vanquished Creatures
  A necrophage (D:3)
  Terence (D:2)
  An orc wizard (D:4)
  A hound skeleton (D:4)
  4 adders
  2 worms (D:2)
  4 orcs (D:4)
  6 bats
  4 endoplasms
  3 giant cockroaches (D:3)
  5 goblins
  6 hobgoblins
  4 jackals (D:1)
  5 kobolds
  3 quokkas
  6 ball pythons
  4 frilled lizards
  23 rats
83 creatures vanquished.

Vanquished Creatures (others)
  2 plants (D:1)
  2 withered plants (D:1)
4 creatures vanquished.

Grand Total: 87 creatures vanquished

Notes
Turn   | Place    | Note
-------+----------+-------------------------------------------
     0 | D:1      | Borgoz the Gargoyle Berserker began the quest for the Orb.
     0 | D:1      | Reached XP level 1. HP: 14/14 MP: 1/1
   157 | D:1      | Found a faded altar of an unknown god.
   191 | D:1      | Reached XP level 2. HP: 19/19 MP: 2/2
   638 | D:1      | Reached XP level 3. HP: 17/23 MP: 3/3
  1192 | D:2      | Noticed Terence
  1200 | D:2      | Killed Terence
  1433 | D:2      | Reached XP level 4. HP: 29/29 MP: 4/4
  1480 | D:2      | Reached ** piety under Trog
  1696 | D:3      | Noticed a necrophage
  1710 | D:3      | Killed a necrophage
  1711 | D:3      | Reached XP level 5. HP: 33/33 MP: 5/5
  2575 | D:4      | Reached XP level 6. HP: 33/39 MP: 6/6
  2808 | D:4      | Found a glowing golden altar of the Shining One.
  2845 | D:4      | Reached *** piety under Trog
  3052 | D:4      | Slain by an orc

Illustrated notes

Levels and vault maps discovered:
D:1:      dpeg_arrival_erosion, layout_basic,
          shapermc_ecumenical_altar_flowoftime
D:2:      layout_loops_ring, uniq_terence
D:3:      layout_rooms, st_stairs_13, eino_tiny_chamber, chequers_arboretum
D:4:      layout_basic, mainiacjoe_overflow_tiny_flanked,
          mainiacjoe_overflow_alcove_4, roderic_lattice_a, minmay_rat_hole

Skill      XL: |  1  2  3  4  5 |
---------------+----------------+-----
Dodging        | 2 |  2.9
Armour         | 3 |  3.9
Fighting       | 4 |  4.6
Maces & Flails | 4 |  4.2

Action                   |  1- 3 |  4- 6 || total
-------------------------+-------+-------++-------
Melee: Mace              |    98 |       ||    98
       Flail             |     2 |   198 ||   200
Invok: Berserk           |     1 |     2 ||     3
Armor: Animal skin       |    34 |    76 ||   110
       Scale mail        |       |    55 ||    55
Dodge: Dodged            |    73 |   170 ||   243
